 Dungeon Crawl Stone Soup version 0.25.1-2-g60ff931df9 (webtiles) character file.

Game seed: 1793751921301451180

15787 ANNNA the Thaumaturge (level 12, -21/59 HPs)
             Began as a Deep Elf Venom Mage on Nov 19, 2020.
             Was an Elder of Sif Muna.
             Hit by a large rock thrown by a cyclops (42 damage)
             ... on level 2 of the Orcish Mines.
             The game lasted 01:34:58 (17163 turns).

ANNNA the Thaumaturge (Deep Elf Venom Mage)        Turns: 17163, Time: 01:34:59

Health: -21/59     AC:  9    Str:  9    XL:     12   Next: 4%
Magic:  24/32      EV: 13    Int: 28    God:    Sif Muna [****..]
Gold:   897        SH:  3    Dex: 15    Spells: 20/39 levels left

rFire    . . .     SeeInvis .   J - +6 short sword (drain)
rCold    . . .     Gourm    .   L - +0 buckler
rNeg     . . .     Faith    .   H - +3 leather armour {rPois}
rPois    +         Spirit   .   g - +1 helmet
rElec    .         Reflect  .   (no cloak)
rCorr    .         Harm     .   b - +0 pair of gloves
MR       +....                  (no boots)
Stlth    ++........             (no amulet)
HPRegen  0.19/turn              l - ring of poison resistance
MPRegen  0.23/turn              B - +6 ring of intelligence

@: no status effects
A: no striking features
a: Channel Magic, Forget Spell, Divine Exegesis, Renounce Religion


You were on level 2 of the Orcish Mines.
You worshipped Sif Muna.
Sif Muna was greatly pleased with you.
You were not hungry.

You visited 2 branches of the dungeon, and saw 14 of its levels.

You collected 919 gold pieces.
You spent 22 gold pieces at shops.

Inventory:

Hand Weapons
 t - a +2 short sword of venom
 J - a +6 short sword of draining (weapon)
 N - a +3 falchion of holy wrath
Missiles
 h - 293 stones (quivered)
Armour
 a - a +0 robe
 b - a +0 pair of gloves (worn)
 g - a +1 helmet (worn)
 H - a +3 leather armour of poison resistance (worn)
 L - a +0 buckler (worn)
 Q - a +0 troll leather armour
Jewellery
 l - a ring of poison resistance (left hand)
 w - an uncursed amulet of faith
 B - a +6 ring of intelligence (right hand)
Wands
 j - a wand of flame (47)
 K - a wand of clouds (4)
 O - a wand of acid (8)
Scrolls
 e - 4 scrolls of immolation
 i - a scroll of teleportation
 n - 4 scrolls of enchant armour
 o - a scroll of amnesia
 p - a scroll of fear
 s - 2 scrolls of fog
 v - a scroll of noise {unknown}
 y - a scroll of identify
 A - 5 scrolls of magic mapping
 D - 3 scrolls of random uselessness
 E - 3 scrolls of remove curse {unknown}
 I - 2 scrolls of enchant weapon {unknown}
 M - a scroll of silence {unknown}
Potions
 d - 5 potions of might
 f - a potion of brilliance {unknown}
 k - 5 potions of lignification
 m - a potion of invisibility {unknown}
 q - a potion of berserk rage
 r - 3 potions of haste
 u - a potion of cancellation {unknown}
 x - 2 potions of mutation
 z - 2 potions of flight
 C - a potion of resistance {unknown}
 F - a potion of magic {unknown}
 G - 3 potions of curing
Comestibles
 c - 18 rations
 P - 4 chunks of flesh


   Skills:
 + Level 2.5 Short Blades
 + Level 0.2 Throwing
 + Level 2.8 Armour
 + Level 5.2 Dodging
 + Level 4.2 Stealth
 + Level 14.4 Spellcasting
 + Level 1.8 Conjurations
 + Level 0.2 Charms
 + Level 7.0 Transmutations
 + Level 4.8 Fire Magic
 + Level 7.8 Air Magic
 + Level 10.6 Poison Magic
 + Level 1.6 Evocations


You had 20 spell levels left.
You knew the following spells:

 Your Spells              Type           Power        Failure   Level  Hunger
a - Sting                 Tmut/Pois      ####         1%          1    None
b - Poisonous Vapours     Pois/Air       ######       1%          2    None
c - Ignite Poison         Fire/Tmut/Pois ######..     1%          3    None
d - Mephitic Cloud        Conj/Pois/Air  ######..     1%          3    None
e - Olgreb's Toxic Radia  Pois           ######..     1%          4    None
f - Swiftness             Chrm/Air       #####...     1%          2    None
g - Airstrike             Air            ######....   2%          4    None

Your spell library contained the following spells:

 Spells                   Type           Power        Failure   Level  Hunger
 Shock                    Conj/Air       ####         1%          1    None
 Static Discharge         Conj/Air       #####...     2%          3    None
 Freeze                   Ice            ###.         6%          1    None
 Summon Small Mammal      Summ           ###.         6%          1    None
 Call Imp                 Summ           ###.....     9%          2    None
 Summon Lightning Spire   Summ/Air       #####...     12%         4    None
 Call Canine Familiar     Summ           ###.....     17%         3    None
 Frozen Ramparts          Ice            ###...       17%         3    None
 Ozocubu's Armour         Chrm/Ice       ###.....     17%         3    None
 Summon Guardian Golem    Hex/Summ       ###.....     17%         3    None
 Lightning Bolt           Conj/Air       #####.....   22%         5    None
 Hailstorm                Conj/Ice       ####....     36%         4    None
 Summon Ice Beast         Ice/Summ       ###.....     50%         4    None


Dungeon Overview and Level Annotations

Branches:
Dungeon (12/15)            Temple (0/1) D:6            Lair (0/6) D:11
    Orc (2/2) D:11
    Elf: Orc:2

Altars:
Ashenzari
Cheibriados
Elyvilon
Gozag
Hepliaklqana
Kikubaaqudgha
Nemelex Xobeh
Qazlal
Sif Muna
Trog
Vehumet
Wu Jian
Xom
Yredelemnul
Zin
The Shining One

Shops:
D:7 [   D:9 [[   D:10 *   D:11 *[   Orc:1 (

Portals:
Trove: D:11 (give +3 fire dragon scales)


Message History

Sif Muna accepts your kill.
The cyclops is engulfed in poison gas.
The cyclops is poisoned.
The cyclops throws a large rock.
You block the large rock.
Casting: Poisonous Vapours (safe; 1% risk of failure)
Confirm with . or Enter, or press ? or * to list all spells.
Aiming: Poisonous Vapours (safe; 1% risk of failure)
Press: ? - help, Dir - move target cursor, f/p - cyclops
Aim: a cyclops, quivering 3 large rocks (lightly wounded, poisoned) Poisonous vapours surround the cyclops!
Casting: Poisonous Vapours (safe; 1% risk of failure)
Confirm with . or Enter, or press ? or * to list all spells.
You ignite the poison in your surroundings!
The cyclops seems to burn from within.
The cyclops is moderately wounded.
The cyclops is engulfed in blazing flames.
The cyclops throws a large rock.
The large rock hits you!!
The cyclops is engulfed in blazing flames.
The cyclops throws a large rock.
The large rock hits you!!!
Ouch! That really hurt!
You die...

#..........#.# ##......[...#
##........()## #...[.)..#[#### ##
##.[..[[.#.###C## ##.##
##.#.[.......#...####...#
#......[..........#.#..#
#####.#....)[.............##
##.#######..@......##.......#
##...##......[)[..............
##.#.##.......[...)......#...##
#....##....#..[[.............##
#.....#.....)[....[)..........#
###.....#.......)[[............C
#...............<).[.........(..
#.....#.##.............#......#.#
##..#####...............#......##


You could see a cyclops.

Vanquished Creatures
  Harold (D:7)
  2 two-headed ogres
  Pikel (D:7)
  3 orc knights
  2 ugly things
  A manticore (D:11)
  Joseph (D:7)
  A guardian mummy (D:11)
  2 trolls
  2 hippogriffs
  Sigmund (D:2)
  A spriggan (D:7)
  A wyvern (D:9)
  A wraith (D:11)
  Eustachio (D:4)
  7 yaks
  Grum (D:8)
  4 hungry ghosts
  2 wargs (Orc:2)
  A porcupine (D:11)
  13 orc warriors
  4 black bears
  5 ice beasts
  4 sky beasts
  3 slaves (D:7)
  An eye of draining (D:9)
  A phantom (D:9)
  3 wolves (D:8)
  7 ogres
  3 centaurs
  A crocodile (D:11)
  4 bullfrogs
  A big kobold (D:9)
  A wyvern zombie (D:9)
  2 jellies
  6 scorpions
  5 wights (D:10)
  5 killer bees (D:8)
  10 howler monkeys
  2 crimson imps
  A centaur zombie (D:9)
  5 hounds
  A quasit (D:10)
  2 bullfrog zombies
  2 bullfrog skeletons
  A gnoll shaman (D:8)
  7 orc priests
  An iguana (D:4)
  3 centaur skeletons
  Natasha (thrice) (D:4)
  12 orc wizards
  5 worker ants
  A hound skeleton (D:6)
  Robin (D:3)
  7 gnolls
  9 adders
  2 shadow imps
  An adder zombie (D:7)
  4 adder skeletons
  2 worms
  A dart slug (D:4)
  8 leopard geckos
  49 orcs
  4 ball pythons
  11 bats
  8 giant cockroaches
  19 goblins
  13 hobgoblins
  5 jackals
  15 kobolds
  2 quokkas
  8 frilled lizards
  A leopard gecko skeleton (D:4)
  A leopard gecko zombie (D:7)
  2 quokka skeletons (D:6)
  8 rats
342 creatures vanquished.

Vanquished Creatures (others)
  A shadow imp (D:7)
  A fungus (D:11)
2 creatures vanquished.

Grand Total: 344 creatures vanquished

Notes
Turn   | Place    | Note
-------+----------+-------------------------------------------
     0 | D:1      | ANNNA the Deep Elf Venom Mage began the quest for the Orb.
     0 | D:1      | Reached XP level 1. HP: 10/10 MP: 6/6
   240 | D:1      | Reached XP level 2. HP: 15/15 MP: 6/8
   244 | D:1      | Learned a level 2 spell: Poisonous Vapours
   956 | D:2      | Noticed Sigmund
  1003 | D:2      | Killed Sigmund
  1003 | D:2      | Reached skill level 4 in Spellcasting
  1003 | D:2      | Reached skill level 1 in Air Magic
  1003 | D:2      | Reached XP level 3. HP: 19/19 MP: 1/11
  1003 | D:2      | Reached XP level 4. HP: 24/24 MP: 1/12
  1003 | D:2      | Reached XP level 5. HP: 28/28 MP: 1/14
  1008 | D:2      | Learned a level 3 spell: Ignite Poison
  1014 | D:2      | Learned a level 3 spell: Mephitic Cloud
  1019 | D:2      | Learned a level 4 spell: Olgreb's Toxic Radiance
  1157 | D:2      | Found a shattered altar of Ashenzari.
  1428 | D:2      | Reached skill level 5 in Spellcasting
  1523 | D:2      | Found a stormy altar of Qazlal.
  1523 | D:2      | Noticed an air elemental
  1527 | D:2      | Noticed a fire elemental
  1527 | D:2      | Noticed a water elemental
  1600 | D:2      | Found a shimmering blue altar of Sif Muna.
  1615 | D:2      | Became a worshipper of Sif Muna the Loreminder
  2440 | D:3      | Found a radiant altar of Vehumet.
  2575 | D:3      | Reached * piety under Sif Muna
  2576 | D:3      | Noticed Robin
  2577 | D:3      | Reached XP level 6. HP: 32/32 MP: 3/16
  2578 | D:3      | Killed Robin
  2578 | D:3      | Reached skill level 5 in Poison Magic
  2765 | D:3      | Found a faded altar of an unknown god.
  2959 | D:3      | Found a shimmering altar of Xom.
  3052 | D:4      | Noticed Natasha
  3309 | D:4      | Reached ** piety under Sif Muna
  3523 | D:4      | Found an opulent altar of Gozag.
  3572 | D:4      | Reached skill level 6 in Spellcasting
  4035 | D:4      | Reached XP level 7. HP: 35/36 MP: 10/19
  4162 | D:4      | Noticed Eustachio
  4182 | D:5      | Entered Level 5 of the Dungeon
  4383 | D:4      | Killed Eustachio
  4383 | D:4      | Reached skill level 7 in Spellcasting
  4502 | D:4      | Killed Natasha
  4502 | D:4      | Reached skill level 1 in Evocations
  4679 | D:4      | Noticed Natasha
  4683 | D:4      | Killed Natasha
  4830 | D:4      | Noticed Natasha
  4835 | D:4      | Killed Natasha
  4858 | D:5      | Found a radiant altar of Vehumet.
  5318 | D:5      | Reached XP level 8. HP: 41/41 MP: 11/21
  5419 | D:5      | Reached skill level 1 in Short Blades
  5772 | D:6      | Reached skill level 8 in Spellcasting
  6015 | D:6      | Found a sparkling altar of Nemelex Xobeh.
  6068 | D:6      | Found a staircase to the Ecumenical Temple.
  6113 | D:6      | Reached skill level 1 in Fire Magic
  6251 | D:6      | Reached skill level 1 in Armour
  6377 | D:6      | Reached skill level 9 in Spellcasting
  6731 | D:6      | Found a snail-covered altar of Cheibriados.
  6895 | D:7      | Reached XP level 9. HP: 45/45 MP: 17/24
  6997 | D:7      | Found a hazy altar of Hepliaklqana.
  7001 | D:7      | Found a glowing silver altar of Zin.
  7003 | D:7      | Found an ornate altar of the Wu Jian Council.
  7118 | D:7      | Noticed Pikel
  7303 | D:7      | Found a bloodstained altar of Trog.
  7713 | D:7      | Noticed a cyan ugly thing
  7777 | D:8      | Reached skill level 10 in Spellcasting
  7843 | D:8      | Reached *** piety under Sif Muna
  8129 | D:8      | Reached skill level 5 in Transmutations
  8539 | D:7      | Noticed Harold
  8546 | D:7      | Killed Harold
  8546 | D:7      | Reached skill level 11 in Spellcasting
  8618 | D:7      | Found a white marble altar of Elyvilon.
  8748 | D:7      | Noticed Joseph
  8758 | D:7      | Killed Joseph
  8758 | D:7      | Reached XP level 10. HP: 35/50 MP: 7/27
  8839 | D:7      | Killed Pikel
  8839 | D:7      | Reached skill level 5 in Air Magic
  9038 | D:7      | Found Hocuemips's Antique Armour Emporium.
  9519 | D:8      | Reached skill level 1 in Conjurations
  9736 | D:8      | Noticed Grum
  9740 | D:8      | Killed Grum
 10110 | D:8      | Found a basalt altar of Yredelemnul.
 10816 | D:9      | Noticed a two-headed ogre
 10821 | D:9      | Killed a two-headed ogre
 10821 | D:9      | Reached skill level 12 in Spellcasting
 10977 | D:9      | Found Wairyf's Armour Emporium.
 11014 | D:9      | Reached **** piety under Sif Muna
 11797 | D:9      | Found Qihuapew's Armour Boutique.
 11958 | D:9      | Reached XP level 11. HP: 54/54 MP: 11/29
 12322 | D:10     | Entered Level 10 of the Dungeon
 12610 | D:10     | Learned a level 2 spell: Swiftness
 12615 | D:10     | Learned a level 4 spell: Airstrike
 12764 | D:10     | Noticed a two-headed ogre
 12907 | D:10     | Killed a two-headed ogre
 12907 | D:10     | Reached skill level 13 in Spellcasting
 12984 | D:10     | Found an ancient bone altar of Kikubaaqudgha.
 12985 | D:10     | Found Xasef's Profane Products.
 13136 | D:10     | Noticed a purple ugly thing
 13151 | D:10     | Killed a purple ugly thing
 13490 | D:11     | Found a glowing golden altar of the Shining One.
 13581 | D:11     | Found Luinno's Antique Armour Shoppe.
 13581 | D:11     | Found a staircase to the Orcish Mines.
 13582 | D:11     | Noticed a green ugly thing
 13700 | D:11     | Found Nialos's General Store.
 13955 | D:11     | Killed a green ugly thing
 13955 | D:11     | Reached skill level 10 in Poison Magic
 14306 | D:11     | Found Efrinegg's General Store.
 14381 | D:11     | Reached skill level 5 in Dodging
 14507 | D:11     | Bought a scroll of identify for 22 gold pieces
 14854 | D:11     | Found a staircase to the Lair.
 15101 | D:11     | Found a portal to a secret trove of treasure.
 15459 | Orc:1    | Entered Level 1 of the Orcish Mines
 15537 | Orc:1    | Noticed an orc knight
 15546 | Orc:1    | Killed an orc knight
 15546 | Orc:1    | Reached skill level 14 in Spellcasting
 15793 | Orc:1    | Found Duoreic's Weapon Shop.
 15836 | Orc:2    | Entered Level 2 of the Orcish Mines
 15838 | Orc:2    | Reached ***** piety under Sif Muna
 15838 | Orc:2    | Received a gift from Sif Muna
 16073 | Orc:2    | Noticed an orc knight
 16448 | Orc:2    | Killed an orc knight
 16505 | Orc:2    | Noticed an orc knight
 16511 | Orc:2    | Killed an orc knight
 16566 | Orc:2    | Reached XP level 12. HP: 59/59 MP: 18/32
 17163 | Orc:2    | Hit by a large rock thrown by a cyclops

Illustrated notes

Levels and vault maps discovered:
D:1:      lemuel_arrival_funnel, layout_basic, serial_forest,
          infiniplex_forest_straight_4, infiniplex_forest_straight_3,
          infiniplex_forest_join, infiniplex_forest_straight_2,
          infiniplex_forest_pool, infiniplex_forest_lined_corner,
          kennysheep_small_spiral
D:2:      layout_basic, evilmike_ruin_ashenzari, lemuel_round_altar,
          nicolae_qazlal_style_of_elements, uniq_sigmund
D:3:      layout_basic, lemuel_doored_altar, marbit_many_paths,
          chequers_ecumenical_altar_simple, first_ration, uniq_robin
D:4:      layout_basic, st_stairs_10, nicolae_gozag_seed_capital, uniq_natasha,
          uniq_eustachio
D:5:      layout_rooms, vehumet_altar_wand_db
D:6:      layout_basic, nemelex_altar_shiori, nicolae_overflow_hidden_temple,
          minmay_temple_entry_hall
D:7:      layout_loops_corners, trog_ov_bears_minmay,
          grunt_temple_overflow_open, basic_altar, serial_shops, shop_fountains,
          the_bakery, minmay_three_doors, uniq_pikel, uniq_harold, uniq_joseph
D:8:      layout_basic, old_standard_altar, uniq_grum
D:9:      layout_rooms, serial_shops, shop, shop
D:10:     layout_rooms, nicolae_evil_shop
D:11:     layout_basic, grunt_lair_entry_orc_guard_hut, orc_0_dummy,
          nicolae_trove_entry_path_of_doom, serial_shops, shop_fountains, shop,
          nicolae_shop_stone, nicolae_tso_carved_into_rock
D:12:     layout_rooms, grunt_ministairs_8, nicolae_benzene_ring,
          xom_teletrap_fun, uniq_azrael
Orc:1:    layout_caves, serial_shops, nicolae_shop_waterfront
Orc:2:    st_orc_town, layout_caves

Skill      XL: |  1  2  3  4  5  6  7  8  9 10 11 |
---------------+----------------------------------+-----
Poison Magic   | 4 5 6 7 8 9 10 | 10.6
Spellcasting   | 4 5 6 7 9 11 12 14 | 14.4
Transmutations | 2 4 5 6 7 |  7.0
Air Magic      | 1 2 3 4 6 7 |  7.8
Stealth        | 3 4 |  4.2
Dodging        | 3 4 5 |  5.2
Evocations     | 1 |  1.6
Short Blades   | 1 2 |  2.5
Fire Magic     | 1 2 3 4 |  4.8
Armour         | 1 2 |  2.8
Conjurations   | 1 |  1.8
Throwing       | |  0.2
Charms         | |  0.2

Action                   |  1- 3 |  4- 6 |  7- 9 | 10-12 || total
-------------------------+-------+-------+-------+-------++-------
Melee: Dagger            |     7 |     5 |       |       ||    12
       Short sword       |       |    50 |    77 |    80 ||   207
Throw: Stone             |       |     3 |     5 |    16 ||    24
 Cast: Sting             |    23 |    40 |    52 |    82 ||   197
       Poisonous Vapours |    11 |    50 |    84 |   170 ||   315
       Olgreb's Toxic Ra |       |     4 |     1 |     6 ||    11
       Ignite Poison     |       |     5 |    35 |    81 ||   121
       Mephitic Cloud    |       |     1 |     7 |    24 ||    32
       Airstrike         |       |       |       |     9 ||     9
       Swiftness         |       |       |       |     2 ||     2
Evoke: Wand              |       |       |    13 |     3 ||    16
  Use: Scroll            |       |       |       |    22 ||    22
       Potion            |       |       |       |     2 ||     2
 Stab: Sleeping          |       |     1 |       |       ||     1
       Confused          |       |       |       |     1 ||     1
  Eat: Chunk             |       |    11 |     7 |     7 ||    25
       Ration            |       |       |     3 |     6 ||     9
Armor: Robe              |     3 |    11 |       |       ||    14
       Leather armour    |       |       |    38 |    55 ||    93
Dodge: Dodged            |    14 |    65 |    80 |   136 ||   295
Block: Buckler           |       |       |       |     5 ||     5
